 Dungeon Sprint DCSS version 0.30-a0-219-gf2db51d15e (webtiles) character file.

Game seed: 12080631345786262260

2044 rocky1 the Nimble (level 9, -8/106 HPs)
             Began as a Djinni Fire Elementalist on Oct 8, 2022.
             Was an Initiate of Gozag.
             Mangled by an orc knight
             ... wielding a +3 long sword of flaming
              (14 damage)
             ... in the Dungeon (Sprint III: "The Ten Rune Challenge").
             The game lasted 00:09:27 (1667 turns).

rocky1 the Nimble (Djinni Fire Elementalist)        Turns: 1667, Time: 00:09:28

Health: -8/106     AC:  2    Str:  7    XL:     9   Next: 48%
Gold:   402        EV: 18    Int: 19    God:    Gozag SH:  0 Dex: 16

rFire   + + .      SeeInvis .    m - +2 long sword (holy)
rCold   x . .      Faith    .    (no shield)
rNeg    . . .      Spirit   .    a - +0 robe
rPois   ∞          Reflect  .    (no helmet)
rElec   .          Harm     .    (no cloak)
rCorr   .          Rampage  .    (no gloves)
Will    .....      NoTele   +    (boots unavailable)
Stlth   ..........               (no amulet)
HPRegen 0.37/turn                (no ring)
MPRegen 0.00/turn                (no ring)

@: berserking, flying, very quick
A: sickness immunity, fire resistance 2, cold vulnerability 1, float, innate
caster, HP casting, extra vitality 1
a: Renounce Religion, Potion Petition, Call Merchant, Bribe Branch


You were in the Dungeon.
You worshipped Gozag.
Gozag was aware of your devotion.
You visited 1 branch You collected 402 gold pieces.

Inventory:

Hand Weapons
 h - a +0 dagger
 m - a +2 long sword of holy wrath (weapon)
Armour
 a - a +0 robe (worn)
Wands
 n - a wand of flame (4)
Scrolls
 g - 2 scrolls of identify {unknown}
 i - 2 scrolls of poison {unknown}
 k - a scroll of butterflies {unknown}
Potions
 b - a potion of curing
 d - a potion of haste
 j - 6 potions of mutation
 l - a potion of resistance {unknown}
Miscellaneous
 o - a lightning rod (4/4)


   Skills:
 + Level 8.8 Fighting
 - Level 3.1(3.9) Short Blades
 + Level 3.6(4.2) Long Blades
 + Level 11.0 Dodging
 + Level 9.2 Stealth
 + Level 8.9 Spellcasting


You had 2 spell levels left.
You knew the following spells:

 Your Spells              Type           Power      Damage    Failure   Level
a - Foxfire               Conj/Fire      100%       2x1d9     1%          1
b - Scorch                Fire           84%        2d9       1%          2
c - Kindle Blastsparks    Fire/Tloc/Air  84%        2d17      1%          3
d - Inner Flame           Hex/Fire       42%        N/A       1%          3
e - Flame Wave            Conj/Fire      42%        2d11      2%          4
f - Slow                  Hex            100%       N/A       1%          1
g - Searing Ray           Conj           84%        2d7       1%          2
h - Spider Form           Tmut/Pois      42%        N/A       1%          3
i - Manifold Assault      Tloc           42%        N/A       2%          4
Your spell library was empty.

Dungeon Overview and Level Annotations

Branches:
Dungeon (1/1)

Altars:
Cheibriados
Dithmenos
Elyvilon
Fedhas
Gozag
Hepliaklqana
Makhleb
Nemelex Xobeh
Okawaru
Qazlal
Ru
Trog
Uskayaw
Wu Jian
Xom
Yredelemnul
Zin
The Shining One
Jiyva
Lugonu


Innate Abilities, Weirdness & Mutations

You are immune to sickness and miasma.
You are immune to poison.
Your flesh is very heat resistant. (rF++)
You are vulnerable to cold. (rC-)
You float through the air rather than walking.
You learn spells naturally, not from books.
Your magical power is your life essence.
You have superior vitality. (+4 MHP)


Message History

The orc knight burns you.
Unknown command.
Casting: Scorch (safe; 1% risk of failure)
Confirm with . or Enter, or press ? or * to list all spells.
Flames lash the orc.
You kill the orc!
The orc knight hits you with a +3 long sword of flaming!
* * * LOW HITPOINT WARNING * * *
The orc knight burns you.
* * * LOW HITPOINT WARNING * * *
A red film seems to cover your vision as you go berserk!
You feel yourself moving faster!
You feel mighty!
An orc comes into view. It is wielding a +0 war axe.
The orc knight misses you.
The orc shouts!
You hit the orc knight.
The orc knight is heavily wounded.
You barely miss the orc knight.
The orc knight is heavily wounded.
The orc knight hits you with a +3 long sword of flaming.
* * * LOW HITPOINT WARNING * * *
You barely miss the orc knight.
The orc knight is heavily wounded.
The orc knight is no longer more vulnerable to fire.
The orc knight roars a battlecry!
The orc goes into a battle-frenzy!
You slice the orc knight!!
The orc knight is severely wounded.
The orc hits you with a +0 war axe!
* * * LOW HITPOINT WARNING * * *
The orc knight misses you.
You barely miss the orc knight.
The orc knight is severely wounded.
The orc knight barely misses you.
You hit the orc knight.
The orc knight is almost dead.
The orc completely misses you.
The orc knight hits you with a +3 long sword of flaming!
You die...
Your body crumbles into a pile of gold.

.#..#..###)#'###)##... $
.##'#..#..[.......#oo
.###...'.⌠.))..)).#o# $$
####...#...######'#.# $ $
###....#.⌠.#__#..$#'#####
##.....#...#__#...#..~~~+
#......#)###__#..$#.#§§§#
.#.....#):.#__#.o$$.#§§.#
###....#___#__'$@o#.#...#
▓▓▓▓▓▓▓▓▓▓▓▓▓▓▓▓▓▓▓▓▓▓▓
$$ $$


You could see an orc knight and an orc (strong).

Vanquished Creatures
  Snorg (D)
  A deep elf pyromancer (D)
  A shadow (D)
  A spatial vortex (D)
  An orc warrior (D)
  A water elemental (D)
  A necrophage (D)
  A jelly (D)
  2 orc priests (D)
  Jessica (D)
  An orc wizard (D)
  A wizard (D)
  A necromancer (D)
  3 humans (D)
  A kobold demonologist (D)
  A wolf (D)
  7 orcs (D)
  3 rats (D)
29 creatures vanquished.

Vanquished Creatures (others)
  33 foxfires (D)
33 creatures vanquished.

Grand Total: 62 creatures vanquished

Notes
Turn   | Place    | Note
-------+----------+-------------------------------------------
     0 | D        | rocky1 the Djinni Fire Elementalist began the quest for the
                  | Orb.
     0 | D        | rocky1 set off with the following spells memorised:
                  | Foxfire, Scorch, Kindle Blastsparks, Inner Flame, Flame
                  | Wave.
     0 | D        | Reached XP level 1. HP: 15/15 MP: 0/0
   128 | D        | Noticed Jessica
   132 | D        | Killed Jessica
   133 | D        | Reached skill level 3 in Dodging
   133 | D        | Reached XP level 2. HP: 7/21 MP: 0/0
   133 | D        | Reached XP level 3. HP: 8/25 MP: 0/0
   133 | D        | Learned a level 1 spell: Slow
   247 | D        | Reached skill level 1 in Short Blades
   384 | D        | Reached skill level 4 in Dodging
   384 | D        | Reached skill level 5 in Spellcasting
   384 | D        | Reached XP level 4. HP: 18/31 MP: 0/0
   458 | D        | Noticed a water elemental
   460 | D        | Killed a water elemental
   461 | D        | Reached skill level 5 in Dodging
   461 | D        | Reached XP level 5. HP: 31/35 MP: 0/0
   461 | D        | Learned a level 2 spell: Searing Ray
   589 | D        | Reached skill level 1 in Fighting
   652 | D        | Found a glowing silver altar of Zin.
   652 | D        | Found a glowing golden altar of the Shining One.
   652 | D        | Found a white marble altar of Elyvilon.
   653 | D        | Noticed a deep elf pyromancer
   658 | D        | Killed a deep elf pyromancer
   659 | D        | Reached skill level 5 in Fighting
   659 | D        | Reached skill level 8 in Dodging
   659 | D        | Reached XP level 6. HP: 38/50 MP: 0/0
   659 | D        | Reached XP level 7. HP: 42/55 MP: 0/0
   659 | D        | Learned a level 3 spell: Spider Form
   661 | D        | Noticed a human
   662 | D        | Noticed a human
   668 | D        | Killed a human
   669 | D        | Reached XP level 8. HP: 29/62 MP: 0/0
   673 | D        | Killed a human
   674 | D        | Reached skill level 9 in Dodging
   675 | D        | Found an ornate altar of the Wu Jian Council.
   843 | D        | Found a hide-covered altar of Uskayaw.
   843 | D        | Found an iron altar of Okawaru.
   843 | D        | Found a bloodstained altar of Trog.
   861 | D        | Found a basalt altar of Yredelemnul.
   861 | D        | Found a shadowy altar of Dithmenos.
   861 | D        | Found a sacrificial altar of Ru.
   997 | D        | Noticed a shadow
  1004 | D        | Killed a shadow
  1189 | D        | Found a blossoming altar of Fedhas.
  1189 | D        | Found a stormy altar of Qazlal.
  1189 | D        | Found a snail-covered altar of Cheibriados.
  1189 | D        | Found a burning altar of Makhleb.
  1189 | D        | Found a shimmering altar of Xom.
  1190 | D        | Found a hazy altar of Hepliaklqana.
  1190 | D        | Found an opulent altar of Gozag.
  1190 | D        | Found a sparkling altar of Nemelex Xobeh.
  1190 | D        | Found a corrupted altar of Lugonu.
  1190 | D        | Found a viscous altar of Jiyva.
  1210 | D        | Reached skill level 10 in Dodging
  1210 | D        | Became a worshipper of Gozag Ym Sagoz the Greedy
  1340 | D        | Noticed Snorg
  1351 | D        | Killed Snorg
  1352 | D        | Reached XP level 9. HP: 24/71 MP: 0/0
  1352 | D        | Learned a level 4 spell: Manifold Assault
  1538 | D        | Reached skill level 11 in Dodging
  1649 | D        | Noticed an orc knight
  1667 | D        | Mangled by an orc knight

Illustrated notes

Levels and vault maps discovered:
D:        dungeon_sprint_mu [sprint_mu_entry_cave, sprint_mu_temple_rooms,
          sprint_mu_d1_horrors, sprint_mu_d2_genie, sprint_mu_d3_branching,
          sprint_mu_orc_legion, sprint_mu_elf_gauntlet, sprint_mu_hive_nellie,
          sprint_mu_lair_fedhas, sprint_mu_vaults_butterflies,
          sprint_mu_slime_circle, sprint_mu_swamp_cave, sprint_mu_snake_twists,
          sprint_mu_blade_basic, sprint_mu_crypt_lich, sprint_mu_tomb_spiral,
          sprint_mu_vestibule_basic, sprint_mu_gehenna_hellfire,
          sprint_mu_dis_giant, sprint_mu_tartarus_statrot,
          sprint_mu_cocytus_islands, sprint_mu_zot1]

Skill      XL: |  1  2  3  4  5  6  7  8  9 |
---------------+----------------------------+-----
Dodging        | 3 4 5 8 10 11 | 11.0
Stealth        | 2 3 4 6 7 9 |  9.2
Spellcasting   | 4 5 7 8 |  8.9
Short Blades   | 1 3 |  3.1
Fighting       | 5 6 8 |  8.8
Long Blades    | 3 |  3.6

Action                   |  1- 3 |  4- 6 |  7- 9 || total
-------------------------+-------+-------+-------++-------
Melee: Dagger            |    13 |     2 |       ||    15
       Long sword        |       |       |    38 ||    38
 Cast: Foxfire           |    16 |       |     4 ||    20
       Scorch            |       |    10 |    36 ||    46
       Searing Ray       |       |     1 |       ||     1
       Flame Wave        |       |       |     2 ||     2
  Use: Potion            |       |       |     3 ||     3
       Scroll            |       |       |     1 ||     1
 Stab: Sleeping          |       |       |     1 ||     1
Armor: Robe              |     1 |       |     3 ||     4
Dodge: Dodged            |    13 |     4 |    31 ||    48

Table legend: (Time is in decaauts)
 A = Elapsed time spent in this place.
 B = Non-inter-level travel time spent in this place.
 C = Inter-level travel time spent in this place.
 D = Time resting spent in this place.
 E = Time spent auto-exploring this place.
 F = Levels seen in this place.
 G = Mean time per level.
                   A        B        C        D        E       F      G
               +--------+--------+--------+--------+--------+-----+--------+
         Total |   1673 |   1673 |      0 |   1274 |      0 |   1 | 1673.0 |
       Dungeon |   1673 |   1673 |      0 |   1274 |      0 |   1 | 1673.0 |
               +--------+--------+--------+--------+--------+-----+--------+

Top non-repeatable levels by time:
       D: 1673 daAuts
